 Dungeon Crawl Stone Soup version 0.25-a0-290-g4a1327ee3a (webtiles) character file.

Game seed: 11398152093233680415, levelgen mode: deterministic

172 MoonlitKnight the Conjurer (level 5, -6/28 HPs)
             Began as a Deep Elf Conjurer on Dec 14, 2019.
             Mangled by a gnoll shaman
             ... wielding a +0 club
              (8 damage)
             ... on level 3 of the Dungeon.
             The game lasted 00:05:40 (2604 turns).

MoonlitKnight the Conjurer (Deep Elf Conjurer)      Turns: 2604, Time: 00:05:41

Health: -6/28      AC:  2    Str:  5    XL:     5   Next: 27%
Magic:  2/14       EV: 14    Int: 21    God:
Gold:   82         SH:  0    Dex: 15    Spells: 3/13 levels left

rFire    . . .     SeeInvis .   a - +0 short sword
rCold    . . .     Gourm    .   (no shield)
rNeg     . . .     Faith    .   j - +0 robe
rPois    .         Spirit   .   (no helmet)
rElec    .         Reflect  .   (no cloak)
rCorr    .         Harm     .   (no gloves)
MR       .....                  (no boots)
Stlth    ++........             (no amulet)
HPRegen  0.09/turn              (no ring)
MPRegen  0.14/turn              (no ring)

@: no status effects
A: no striking features
a: no special abilities


You were on level 3 of the Dungeon.
You were not hungry.

You visited 1 branch of the dungeon, and saw 3 of its levels.

You collected 82 gold pieces.

Inventory:

Hand Weapons
 a - a +0 short sword (weapon)
Armour
 j - a +0 robe (worn)
Jewellery
 g - an uncursed ring of resist corrosion {unknown}
Scrolls
 b - 3 scrolls of teleportation {unknown}
 e - 2 scrolls of enchant armour {unknown}
 k - a scroll of identify {unknown}
 m - a scroll of fog {unknown}
Potions
 d - a potion of lignification {unknown}
 f - 2 potions of curing {unknown}
 i - a potion of heal wounds {unknown}
 l - 2 potions of cancellation {unknown}
Comestibles
 c - a ration
 h - 4 chunks of flesh


   Skills:
 + Level 4.3 Dodging
 - Level 2.4 Stealth
 + Level 4.9 Spellcasting
 + Level 5.5 Conjurations


You had 3 spell levels left.
You knew the following spells:

 Your Spells              Type           Power        Failure   Level  Hunger
a - Magic Dart            Conj           ####         1%          1    None
b - Searing Ray           Conj           ####..       1%          2    None
c - Dazzling Flash        Conj/Hex       ###...       11%         3    ##.....
d - Fulminant Prism       Conj/Hex       ###.......   34%         4    ####...

Your spell library contained the following spells:

 Spells                   Type           Power        Failure   Level  Hunger
 Iskenderun's Mystic Bla  Conj/Tloc      ###.....     34%         4    ####...


Dungeon Overview and Level Annotations

Branches:
Dungeon (3/15)

Altars:
Okawaru


Message History

The gnoll shaman hits you with a +0 club!
You hit the gnoll shaman but do no damage.
The gnoll shaman hits you with a +0 club.
You hit the gnoll shaman.
The gnoll shaman is moderately wounded.
The gnoll shaman misses you.
You hit the gnoll shaman.
The gnoll shaman is moderately wounded.
The gnoll shaman closely misses you.
You hit the gnoll shaman but do no damage.
The gnoll shaman is moderately wounded.
The gnoll shaman misses you.
You closely miss the gnoll shaman.
The gnoll shaman is moderately wounded.
The gnoll shaman hits you with a +0 club!
* * * LOW HITPOINT WARNING * * *
You hit the gnoll shaman.
The gnoll shaman is heavily wounded.
The gnoll shaman hits you with a +0 club!
You die...

...# .... ##..###....
.#.. #.......... .#.#.
#######.#÷....######.....
÷........................
≈≈≈≈≈≈....≈≈≈≈≈≈≈≈≈≈≈≈≈≈≈
≈≈≈≈≈≈....≈≈≈≈≈≈≈≈≈≈≈≈≈≈≈
≈≈≈≈≈≈....≈≈≈≈≈g≈≈≈≈≈≈#
.......(....).))@.....#
######''''#############
#....# #....# #...g#
#....# #...g#
+...g'..gg.. +....'..g.g.


You could see a gnoll shaman.

Vanquished Creatures
  A hound (D:2)
  6 gnolls (D:3)
  2 adders (D:2)
  2 oozes
  A worm (D:2)
  3 dart slugs
  2 leopard geckos
  5 bats
  2 giant cockroaches (D:2)
  6 goblins
  7 hobgoblins
  8 jackals
  A ball python (D:2)
  2 kobolds
48 creatures vanquished.

Notes
Turn   | Place    | Note
-------+----------+-------------------------------------------
     0 | D:1      | MoonlitKnight the Deep Elf Conjurer began the quest for the
                  | Orb.
     0 | D:1      | Reached XP level 1. HP: 10/10 MP: 6/6
   261 | D:1      | Reached XP level 2. HP: 15/15 MP: 4/8
  1139 | D:2      | Learned a level 2 spell: Searing Ray
  1368 | D:2      | Reached XP level 3. HP: 19/19 MP: 5/10
  1655 | D:2      | Found an iron altar of Okawaru.
  1682 | D:2      | Learned a level 3 spell: Dazzling Flash
  1997 | D:2      | Reached skill level 5 in Conjurations
  1997 | D:2      | Reached XP level 4. HP: 19/24 MP: 7/12
  2358 | D:3      | Learned a level 4 spell: Fulminant Prism
  2572 | D:3      | Noticed an ogre
  2585 | D:3      | Reached XP level 5. HP: 28/28 MP: 10/14
  2604 | D:3      | Mangled by a gnoll shaman

Levels and vault maps discovered:
D:1:      roderic_crop_circles_arrival_small, layout_basic
D:2:      layout_basic, nicolae_overflow_crystal_walls
D:3:      lemuel_castle_with_subvaults [lemuel_castle_interior_carwin_2],
          layout_basic, lemuel_crystal_altar, st_stairs_14, minmay_quantized

Skill      XL: |  1  2  3  4 |
---------------+-------------+-----
Dodging        | 3 4 |  4.3
Spellcasting   | 4 |  4.9
Conjurations   | 5 |  5.5
Stealth        | |  2.4

Action                   |  1- 3 |  4- 6 || total
-------------------------+-------+-------++-------
Melee: Unarmed           |     1 |       ||     1
       Short sword       |     3 |     7 ||    10
 Cast: Magic Dart        |    41 |    24 ||    65
       Searing Ray       |     5 |     6 ||    11
  Eat: Chunk             |     3 |     2 ||     5
Armor: Robe              |     3 |     2 ||     5
Dodge: Dodged            |     8 |    12 ||    20

Table legend:
 A = Non-vault XP
 B = Vault XP
 C = Vault XP percentage of total XP
 D = Non-vault monster count
 E = Vault monster count
 F = Vault count percentage of total count
                 A         B        C        D         E       F
            +---------+---------+-------+---------+---------+-------
      Total |     153 |      93 |  37.8 |      38 |      10 |  20.8
            +---------+---------+-------+---------+---------+-------
        D:1 |      33 |       0 |   0.0 |      12 |       0 |   0.0
        D:2 |     112 |       0 |   0.0 |      23 |       0 |   0.0
        D:3 |       8 |      93 |  92.1 |       3 |      10 |  76.9
            +---------+---------+-------+---------+---------+-------
